Map: Magannatha LE

Players

SubN

  • Race: Zerg Zerg
  • League: Diamond
  • Spawn Location: 11:00

JSB - Winner!

  • Race: Terran Terran
  • Spawn Location: 5:00

VOD

Have the link to the VOD?

Description

Time

  • Played on: July 28, 2025, 5:30 p.m.
  • Length: 10:15
Show
View Real Time Build Order
Export as new Build Order

SubN Zerg 

Build Orders: Pool First 

Get SALT Encoding   

  12  0:00  Drone  
  13  0:12  Overlord  
  13  0:20  Overlord  
  13  0:27  Drone  
  14  0:33  Drone  
  15  0:36  Drone  
  16  0:51  Spawning Pool  
  16  0:53  Drone  
  16  1:00  Drone, Extractor  
  16  1:15  Drone  
  17  1:33  Hatchery  
  17  1:39  Zergling x6  
  19  1:42  Queen  
  21  1:51  Drone  
  22  2:16  Hatchery  
  22  2:18  Queen  
  23  2:45  Queen  
  25  2:52  Drone x2  
  25  2:53  Drone x4  
  31  3:05  Overlord  
  31  3:09  Overlord  
  31  3:16  Queen  
  33  3:25  Drone  
  33  3:26  Drone x2  
  36  3:27  Metabolic Boost  
  36  3:37  Queen  
  36  3:41  Drone x2  
  40  3:58  Roach Warren  
  40  4:01  Baneling Nest  
  38  4:11  Drone  
  38  4:12  Drone x4  
  43  4:20  Drone  
  43  4:21  Spine Crawler  
  43  4:24  Extractor, Queen  
  44  4:36  Lair  
  44  4:39  Drone x4  
  44  4:43  Drone x2  
  50  4:49  Overlord  
  50  4:51  Overlord  
  50  4:55  Zergling x2  
  50  4:57  Roach  
  50  4:59  Roach  
  55  5:13  Roach x3  
  54  5:32  Spore Crawler  
  50  5:54  Hydralisk Den  
  50  5:55  Queen  
  51  5:59  Drone x7, Extractor  
  51  6:00  Drone  
  51  6:01  Extractor  
  57  6:05  Drone x4  
  57  6:09  Spore Crawler  
  60  6:16  Drone  
  60  6:17  Drone x4  
  65  6:27  Grooved Spines  
  65  6:33  Centrifugal Hooks  
  65  6:38  Overlord  
  65  6:39  Overlord  
  65  6:49  Drone x5  
  70  6:56  Evolution Chamber  
  70  6:57  Drone, Evolution Chamber  
  70  6:58  Drone  
  70  7:05  Drone x3  
  70  7:06  Drone  
  74  7:16  Queen  
  74  7:17  Muscular Augments  
  76  7:24  Drone  
  76  7:25  Drone x5  
  76  7:29  Zerg Missile Weapons Level 1  
  82  7:32  Zerg Ground Armor Level 1  
  82  7:33  Glial Reconstitution  
  82  7:39  Drone x3  
  82  7:40  Drone  
  82  7:41  Drone  
  87  7:59  Overlord x3  
  87  8:00  Overlord  
  87  8:02  Overseer  
  87  8:11  Roach  
  89  8:23  Hydralisk x9  
  89  8:24  Hydralisk x4  
  104  9:05  Zergling x2  
  104  9:06  Zergling x18  
  114  9:14  Overlord  
  114  9:21  Zergling x4, Hatchery  
  114  9:22  Zergling x2  
  116  9:26  Baneling  
  116  9:27  Overlord, Baneling x11  
  116  9:28  Overlord  
  116  9:40  Zergling x2  
  116  9:41  Zergling x2  
  116  9:44  Baneling x11  
  116  9:45  Baneling x3  
  118  9:49  Zergling x2  
  118  9:50  Zergling x12  
  121  10:10  Hatchery  
Show
View Real Time Build Order
Export as new Build Order

JSB Terran - Winner!

Build Orders: Liberator Opening, Reaper Expand 

Get SALT Encoding   

  12  0:01  SCV  
  13  0:13  SCV  
  14  0:18  Supply Depot  
  14  0:26  SCV  
  15  0:40  SCV  
  16  0:43  Barracks  
  16  0:47  Refinery  
  16  0:52  SCV  
  17  1:04  SCV  
  18  1:16  SCV  
  19  1:37  Orbital Command, Reaper  
  20  1:52  Command Center  
  20  1:58  Supply Depot  
  20  2:04  SCV  
  21  2:09  Marine  
  22  2:17  Factory  
  22  2:22  SCV  
  23  2:27  Refinery  
  23  2:30  Barracks Reactor  
  23  2:34  SCV  
  24  2:46  SCV  
  25  2:58  SCV  
  25  3:04  Starport  
  25  3:05  Orbital Command  
  26  3:10  SCV  
  27  3:16  Barracks Tech Lab  
  27  3:17  Hellion  
  27  3:18  Hellion  
  31  3:23  SCV  
  31  3:24  Supply Depot  
  32  3:28  Orbital Command  
  32  3:39  Hellion x2, Marine  
  37  3:43  Supply Depot  
  37  3:51  Liberator  
  41  3:55  SCV x2  
  41  4:00  Hellion x2  
  46  4:07  Marine, SCV x2  
  46  4:08  Supply Depot  
  49  4:17  Barracks  
  49  4:21  SCV x2  
  49  4:22  Barracks  
  51  4:27  Marine  
  51  4:28  Stimpack  
  52  4:33  SCV x2  
  54  4:38  Factory Tech Lab  
  54  4:42  Starport Reactor  
  54  4:45  SCV x2  
  56  4:54  Command Center  
  56  4:57  SCV  
  56  4:58  Marine, SCV  
  59  5:00  Siege Tank  
  62  5:08  Supply Depot  
  62  5:10  SCV x2  
  62  5:13  Supply Depot  
  64  5:22  SCV x2  
  64  5:34  SCV x2  
  66  5:37  Starport Tech Lab  
  63  5:44  Marauder, Marine x2  
  63  5:45  Marine x2, Siege Tank  
  63  5:48  SCV x2  
  74  5:54  Barracks  
  74  5:57  Barracks  
  74  5:58  Engineering Bay  
  74  6:00  SCV x2  
  74  6:01  Engineering Bay  
  76  6:06  Marauder, Marine x4  
  76  6:10  Concussive Shells  
  82  6:13  Starport Reactor  
  82  6:20  Command Center  
  82  6:24  Marine x4  
  86  6:28  Marauder, Refinery x2  
  88  6:37  Planetary Fortress  
  88  6:39  Refinery  
  88  6:40  SCV x2  
  88  6:43  Refinery  
  90  6:50  Terran Infantry Armor Level 1, Terran Infantry Weapons Level 1  
  90  6:55  Armory  
  90  7:03  SCV x2  
  90  7:05  Starport Reactor  
  92  7:14  Supply Depot  
  92  7:15  Supply Depot x2  
  92  7:16  Supply Depot  
  92  7:17  SCV x2  
  92  7:18  SCV  
  92  7:20  Marauder x2, Marine x2  
  101  7:25  Combat Shield  
  101  7:31  Marine x4  
  101  7:32  SCV x3  
  111  7:44  SCV x3  
  111  7:49  Command Center  
  111  8:00  Marauder x2, Marine x3  
  111  8:01  Marine x3  
  111  8:02  Siege Tank  
  111  8:03  Medivac x2  
  111  8:04  Refinery  
  128  8:07  Refinery  
  128  8:17  Planetary Fortress  
  128  8:18  Marine x4  
  128  8:19  Marine x2, SCV x2  
  136  8:20  SCV  
  136  8:22  Marauder x2  
  141  8:31  Supply Depot x2  
  141  8:32  Supply Depot  
  141  8:33  Supply Depot  
  141  8:34  Supply Depot  
  141  8:51  Marauder x2, Marine x2  
  141  8:52  Marine x4  
  141  8:53  Siege Tank, Medivac x2  
  153  9:01  SCV x3  
  153  9:02  SCV  
  157  9:03  Orbital Command  
  157  9:09  Marine x3  
  159  9:12  Marauder  
  159  9:13  Marauder  
  165  9:24  SCV x4  
  168  9:41  Barracks  
  168  9:43  Barracks  
  168  9:46  Barracks  
  168  9:55  Marine x5  
  168  9:56  Marine  
Tags
 
Add a new tag
Caveats
  • Supply blocks, unpowered buildings, or Contaminate may cause inaccurate times.
  • Supply counts are checked every 10 seconds.